 Dungeon Crawl Stone Soup version 0.19-a0-36-g4a0968a (webtiles) character file.

44 M4edhros the Sneak (level 3, -1/23 HPs)
             Began as an Octopode Artificer on May 4, 2016.
             Slain by an ooze (4 damage)
             ... on level 2 of the Dungeon.
             The game lasted 00:01:41 (652 turns).

M4edhros the Sneak (Octopode Artificer)              Turns: 652, Time: 00:01:42

Health: -1/23      AC:  1    Str: 10    XL:     3   Next: 62%
Magic:  5/5        EV:  8    Int: 14    God:
Gold:   58         SH: 11    Dex: 13    Spells: 0 memorised, 2 levels left

rFire  . . .     SeeInvis .     e - +1 dagger (venom)
rCold  . . .     Gourm    .     h - +0 large shield
rNeg   . . .     Faith    .     (helmet restricted)
rPois  .         Spirit   .     (no amulet)
rElec  .         Dismiss  .     (no ring)
rCorr  .         Reflect  .     (no ring)
SustAt .         Harm     .     (no ring)
MR     .....                    (no ring)
Stlth  +++.......               (no ring)
                                (no ring)
                                (no ring)
                                (no ring)

@: not resistant to hostile enchantments, fairly stealthy
A: almost no armour, amphibious, 8 rings, constrict 8, camouflage 1, gelatinous
body 1
a: no special abilities


You were on level 2 of the Dungeon.
You were not hungry.

You visited 1 branch of the dungeon, and saw 2 of its levels.

You collected 58 gold pieces.

Inventory:

Hand Weapons
 a - a +0 short sword
 e - a +1 dagger of venom (weapon)
Missiles
 n - 6 silver javelins (quivered)
 p - 22 sling bullets
Armour
 h - a +0 large shield (worn)
Wands
 b - a wand of flame (15/48)
 c - a wand of enslavement (15/24)
 d - a wand of random effects (15/48)
Scrolls
 g - a scroll of identify {unknown}
 i - a scroll of amnesia {unknown}
 j - a scroll of immolation {unknown}
 m - 2 scrolls of remove curse {unknown}
 q - a scroll of noise {unknown}
Potions
 k - 2 potions of might {unknown}
 l - a potion of curing {unknown}
Comestibles
 f - a bread ration
 o - a meat ration


   Skills:
 - Level 1.0 Fighting
 - Level 1.0 Short Blades
 - Level 2.0 Dodging
 - Level 3.3 Stealth
 + Level 2.2 Shields
 - Level 3.2 Evocations


You had 2 spell levels left.
You didn't know any spells.

Dungeon Overview and Level Annotations

Branches:
Dungeon (2/15)

Altars:


Innate Abilities, Weirdness & Mutations

You cannot wear most types of armour.
You are amphibious.
You can wear up to eight rings at the same time.
You can use your tentacles to constrict eight enemies at once.
Your skin changes colour to match your surroundings (Stealth).
Your rubbery body absorbs attacks (AC +1).


Message History

You barely miss the hobgoblin. You grab the hobgoblin.
You constrict the hobgoblin. You block the hobgoblin's attack.
You hit the hobgoblin.
You kill the hobgoblin!
A quokka comes into view.
You see here a ring mail.
The ooze quivers.
You hit the ooze.
The ooze is lightly wounded.
The ooze hits you.
* * * LOW HITPOINT WARNING * * *
You hit the ooze.
The ooze is lightly wounded.
The ooze hits you.
* * * LOW HITPOINT WARNING * * *
Your shield prevents you from hitting the ooze.
You squeeze the ooze.
The ooze is heavily wounded.
The ooze hits you.
You die...

#..# #... ...#
#..###.######...#
#...............#
##.###.##).....>##
#.# #.#.([..#....
..# #..%......###
#### #.#.....###
#........#
#.###@##.#
#....J.......
........##..###
.##.##..# .# #
.... # ##..# #..#
#..#


You could see an ooze.

Vanquished Creatures
  A gnoll (D:1)
  An ooze (D:2)
  A dart slug (D:2)
  A giant gecko (D:1)
  2 ball pythons (D:1)
  5 hobgoblins
  4 jackals (D:2)
  4 bats
  A giant newt (D:2)
  2 goblins (D:2)
  3 rats
25 creatures vanquished.

Notes
Turn   | Place    | Note
--------------------------------------------------------------
     0 | D:1      | M4edhros the Octopode Artificer began the quest for the Orb.
     0 | D:1      | Reached XP level 1. HP: 13/13 MP: 3/3
    90 | D:1      | Reached XP level 2. HP: 6/18 MP: 4/4
   400 | D:1      | Reached skill level 1 in Shields
   508 | D:2      | Reached XP level 3. HP: 19/23 MP: 5/5
   652 | D:2      | Slain by an ooze

Vault maps used:
D:1:      lemuel_arrival_behind_the_door_large, dk_noncrumbling_4
D:2:      first_bread, tgw_trog, uniq_jessica

Skill      XL: |  1  2  3 |
---------------+----------+-----
Stealth        | 3 |  3.3
Shields        | 1 2 |  2.2
Fighting       | |  1.0
Short Blades   | |  1.0
Dodging        | |  2.0
Evocations     | |  3.2

Action                   || total
-------------------------++-------
Melee: Dagger            ||    45
       Constrict         ||    15
       Short sword       ||     1
       Tentacles         ||     3
 Stab: Sleeping          ||     9
Armor: Skin              ||     3
Dodge: Dodged            ||    11
Block: Large shield      ||    17
